AoeStats
← tw07960626

Hideout

507905733Analyzed
1v1 RM · 11d ago on Sep 20, 2026· 64m 45s· 2 players
Game mode
Random Map
Map size
Tiny (2 player)
Population
200
Speed
Normal
Resources
Standard
Victory
Conquest
Starting age
Dark Age
Ending age
Imperial Age
RankedLock teamsTeams togetherTeam positionsShared explorationLock speedFull tech treeHidden civsTurbo modeCheats
Victory
Defeat
🇹🇼 Jurchens · Taiwan
834
+16
🇺🇸 Vietnamese · United States
830
-35
Jamb00ski
10:00 Feudal Age
10:29 Horse Collar
12:31 Double-Bit Axe
15:18 Gold Mining
18:02 Castle Age
16:33 Fletching
16:45 Padded Archer Armor
17:08 Loom
18:43 Heavy Plow
18:55 Bow Saw
20:33 Bodkin Arrow
20:53 Leather Archer Armor
22:08 Wheelbarrow
22:25 Crossbowman
25:09 Scale Barding Armor
30:11 Thumb Ring
30:39 Hand Cart
34:33 Ballistics
34:09 Murder Holes
36:32 Husbandry
36:44 Stone Mining
39:55 Chain Barding Armor
45:55 Imperial Age
43:40 Forging
43:54 Chatras
43:52 Elite Skirmisher
50:57 Bloodlines
51:54 Iron Casting
52:56 Stone Shaft Mining
52:10 Imperial Skirmisher
tw07960626
11:31 Feudal Age
18:30 Castle Age
18:43 Padded Archer Armor
25:04 Siege Engineers
26:50 Treadmill Crane
27:22 Double-Bit Axe
29:29 Horse Collar
29:56 Town Watch
30:48 Wheelbarrow
31:16 Gold Mining
31:52 Fletching
32:53 Stone Mining
34:11 Loom
35:20 Bow Saw
35:20 Heavy Plow
38:58 Imperial Age
39:17 Ballistics
39:08 Masonry
40:43 Heavy Rocket Cart
45:05 Chemistry
45:36 Thunderclap Bombs
48:19 Bodkin Arrow
52:41 Architecture
52:34 Leather Archer Armor
52:49 Conscription
54:47 Hand Cart
55:29 Gold Shaft Mining
57:33 Fortified Bastions
61:50 Scale Barding Armor
61:56 Forging
64:57 Iron Casting
64:43 Chain Barding Armor
Connection lost

Rejoining the realm…

Still unreachable

The connection could not be restored.

Session expired

The server has moved on; the page needs a fresh start.